 Dungeon Crawl Stone Soup version 0.31.0-4-g52a2dc7128 (console) character file.

Game seed: 15607254793285909167

30170 AlterAsc the Martial Artist (level 13, -3/110 HPs)
             Began as an Octopode Shapeshifter on Jan 22, 2024.
             Was a High Priest of Okawaru.
             Slain by a sixfirhy (11 damage)
             ... summoned by an orc sorcerer
             ... on level 1 of the Orcish Mines.
             The game lasted 01:03:11 (19658 turns).

AlterAsc the Martial Artist (OpSh)                 Turns: 19658, Time: 01:03:12

Health: -3/110     AC: 10    Str: 19    XL:     13   Next: 50%
Magic:  15/15      EV: 24    Int: 13    God:    Okawaru [*****.]
Gold:   577        SH:  0    Dex: 27    Spells: 12/12 levels left

rFire   . .          .
                       - Unarmed
rCold   + . .        (shield currently unavailable)
rNeg    . . .        (helmet currently unavailable)
rPois   +            U - amulet of regeneration
rElec   .            L - +6 ring of dexterity
rCorr   +            I - +5 ring of evasion
SInv    .            M - +6 ring of dexterity
Will    .....        G - ring of resist corrosion
Stlth   ++           O - ring of protection from cold
HPRegen 1.18/turn    (no ring)
MPRegen 0.14/turn    (no ring)
                     (no ring)

%: no passive effects
@: snake-form
A: constrict, boosted hp, almost no armour, amphibious, 8 rings, large,
(camouflage 1), (gelatinous body 1), (nimble swimmer 1), (tentacles)
a: Begin Untransformation, Renounce Religion, Heroism, Finesse, Duel


You were on level 1 of the Orcish Mines.
You worshipped Okawaru.
Okawaru was extremely pleased with you.
You were an enormous serpent.
You visited 4 branches of the dungeon, and saw 18 of its levels.
You also visited: Bailey.

You collected 1249 gold pieces.
You spent 672 gold pieces at shops.

Inventory:

Hand Weapons
 X - the +9 quick blade of Qemm {spect, rC+ Int-3 SInv}
   (You found it on level 3 of the Lair of Beasts)

   Int-3:     It affects your intelligence (-3).
   rC+:       It protects you from cold.
   SInv:      It lets you see invisible.
Missiles
 f - 123 stones (quivered)
 o - 11 poisoned darts
Armour
 V - the +3 warlock's mirror {omnireflect}
   (Okawaru gifted it to you on level 2 of the Lair of Beasts)

   Omnireflect: It can block and reflect piercing ranged attacks and magical
   attacks against the wielder's willpower.
Jewellery
 r - a ring of magical power
 u - an amulet of the acrobat
 G - a ring of resist corrosion (on tentacle)
 I - a +5 ring of evasion (right tentacle)
 L - a +6 ring of dexterity (left tentacle)
 M - a +6 ring of dexterity (on tentacle)
 O - a ring of protection from cold (on tentacle)
 U - an amulet of regeneration (around neck)
 Z - a ring of wizardry
Talismans
 b - a beast talisman
 c - a flux talisman
 y - a blade talisman
 J - a serpent talisman (active)
Wands
 N - a wand of charming (8)
 Q - a wand of acid (7)
 T - a wand of iceblast (6)
 Y - a wand of flame (34)
Scrolls
 d - 2 scrolls of fear
 e - a scroll of enchant weapon
 g - 6 scrolls of fog
 j - 4 scrolls of vulnerability
 m - a scroll of teleportation
 n - 3 scrolls of amnesia
 p - a scroll of noise
 t - a scroll of revelation
 B - 2 scrolls of brand weapon
 C - 2 scrolls of immolation
 D - a scroll of torment {unknown}
 H - 5 scrolls of poison
Potions
 a - 2 potions of lignification
 h - a potion of berserk rage {unknown}
 i - 2 potions of degeneration {unknown}
 k - 2 potions of magic {unknown}
 l - 3 potions of might {unknown}
 q - 2 potions of brilliance {unknown}
 s - 3 potions of resistance
 v - 5 potions of heal wounds {unknown}
 w - 2 potions of attraction {unknown}
 x - 2 potions of mutation
 z - 4 potions of enlightenment {unknown}
 F - a potion of invisibility {unknown}
 R - a potion of haste {unknown}
 S - a potion of curing


   Skills:
 - Level 10.2 Fighting
 + Level 10.8 Dodging
 * Level 12.2 Unarmed Combat
 - Level 3.0 Invocations
 + Level 12.1 Shapeshifting


You had 12 spell levels left.
You didn't know any spells.
Your spell library contained the following spells:

 Spells                   Type           Power      Damage    Failure   Level
 Necrotise                Necr           0%         1d4       30%         1
 Shock                    Conj/Air       0%         1d3       30%         1
 Slow                     Hex            0%         N/A       30%         1
 Mercury Vapours          Alch/Air       0%         N/A       43%         2
 Confusing Touch          Hex            0%         N/A       67%         3
 Dazzling Flash           Conj/Hex       0%         N/A       67%         3
 Mephitic Cloud           Conj/Alch/Air  0%         N/A       67%         3
 Sigil of Binding         Hex            0%         N/A       67%         3
 Stone Arrow              Conj/Erth      0%         3d7       67%         3
 Swiftness                Air            0%         N/A       67%         3
 Vampiric Draining        Necr           0%         2d6       67%         3
 Volatile Blastmotes      Fire/Tloc      0%         2d10      67%         3
 Airstrike                Air            0%         2d(0-16)  97%         4
 Cause Fear               Hex            0%         N/A       97%         4
 Dimensional Bullseye     Hex/Tloc       0%         N/A       97%         4
 Ignite Poison            Fire/Alch      0%         N/A       97%         4
 Sticky Flame             Fire/Alch      0%         2d4       97%         4
 Curse of Agony           Necr           0%         N/A       100%        5
 Fireball                 Conj/Fire      0%         3d3       100%        5
 Freezing Cloud           Conj/Ice/Air   0%         6-21      100%        5
 Metabolic Englaciation   Hex/Ice        0%         N/A       100%        5
 Silence                  Hex/Air        0%         N/A       100%        5
 Starburst                Conj/Fire      0%         6d3       100%        6
 Ignition                 Fire           0%         3d3       100%        8
 Lehudib's Crystal Spear  Conj/Erth      0%         10d2      100%        8
 Chain Lightning          Conj/Air       0%         N/A       100%        9
 Fire Storm               Conj/Fire      0%         5d1       100%        9
 Shatter                  Erth           0%         3d5*      100%        9
 Call Canine Familiar     Summ           Unusable   N/A       N/A         3
 Animate Armour           Summ/Erth      Unusable   N/A       N/A         4
 Martyr's Knell           Necr/Summ      Unusable   N/A       N/A         4
 Dragon's Call            Summ           Unusable   N/A       N/A         9

Dungeon Overview and Level Annotations

Branches:
Dungeon (11/15)            Temple (1/1) D:6            Lair (5/5) D:11
  Swamp (0/4) Lair:2       Spider (0/4) Lair:2          Orc (1/2) D:9
 Bailey (visited)
  Slime: Lair:4-5

Altars:
Ashenzari
Cheibriados
Dithmenos
Elyvilon
Fedhas
Gozag
Hepliaklqana
Kikubaaqudgha
Makhleb
Nemelex Xobeh
Okawaru
Qazlal
Ru
Sif Muna
Trog
Uskayaw
Vehumet
Wu Jian
Xom
Yredelemnul
Zin
The Shining One

Shops:
D:3 (   D:4 =   D:7 ?   D:9 *

Portals:
Abyss: D:4

Annotations:
D:2 1 runed translucent door, Crazy Yiuf
D:4 2 transporters, ciphuk's ghost, amateur FeSh
D:6 2 transporters, iamserjio's ghost, amateur VSFi
D:7 Jeremiah
D:10 3 runed translucent doors, exclusion: ugly thing


Innate Abilities, Weirdness & Mutations

You are an enormous serpent.
You have a powerful constriction melee attack.
Your maximum health is increased.
Your armour is entirely melded.
You are incapable of wielding weapons or throwing items.
You cannot wear most types of armour.
You are amphibious.
You can wear up to eight rings at the same time.
((Your skin changes colour to match your surroundings (Stealth+).))
((Your rubbery body absorbs attacks. (AC +1, EV +1)))
((You are camouflaged when in or above water. (Stealth+)))
((You have tentacles for arms and can constrict up to eight enemies at once.))


Message History

You are confused.
The orc sorcerer hits you with a +0 dagger.
You are too confused!
You are too confused!
You are too confused!
You're too confused to move!
You constrict the orc sorcerer.
You hear some strange, mumbled words.
Something tries to affect you, but you resist.
The orc completely misses you. The orc sorcerer closely misses you.
You barely miss the orc. You constrict the orc sorcerer.
Something barely misses you. The orc completely misses you.
The orc sorcerer closely misses you.
You closely miss something. You constrict the orc sorcerer.
The sixfirhy hits you. The sixfirhy shocks you!
You lash the orc sorcerer!
The orc sorcerer is heavily wounded.
You constrict the orc sorcerer.
The sixfirhy closely misses you. x2; Something barely misses you.
The orc sorcerer barely misses you. The orc closely misses you.
The sixfirhy hits you but does no damage.
You completely miss the orc sorcerer.
The orc sorcerer is severely wounded.
You constrict the orc sorcerer.
The sixfirhy closely misses you. x2; Something closely misses you.
The sixfirhy hits you. The sixfirhy shocks you! The orc closely misses you.
The orc sorcerer hits you with a +0 dagger.
You release your grip on the orc sorcerer.
Things that are here:
a +0 club; an orc corpse You barely miss the orc.
Something barely misses you. The orc misses you.
You're too confused to move!
The sixfirhy barely misses you. Something hits you but does no damage.
You closely miss something.
You feel less confused.
The sixfirhy hits you but does no damage.
The sixfirhy completely misses you. The sixfirhy hits you.
The sixfirhy shocks you! Something hits you but does no damage.
You writhe in agony.
The sixfirhy hits you. The sixfirhy shocks you! The sixfirhy hits you.
* * * LOW HITPOINT WARNING * * *
The sixfirhy shocks you!
* * * LOW HITPOINT WARNING * * *
The sixfirhy hits you!
* * * LOW HITPOINT WARNING * * *
The sixfirhy shocks you!
You die...

### ##.### # .
##....##.#. ..
##..........
...##.^..#......
..........# .
^.##..)S## ...
##o3##.$#..
#.o.....$.
.........#.....
............#.#
#..........#.#
..............#
..#..8...8.....
....###+####...
... ##.


You could see a sixfirhy (summoned), an orc sorcerer and an orc.

Vanquished Creatures
  Josephine (D:10)
  7 hydras
  Erica (Lair:1)
  An oklob plant (Lair:4)
  5 elephants (Lair:2)
  4 black mambas
  Maggie (Lair:1)
  An unseen horror (D:11)
  6 cane toads
  6 komodo dragons
  A polar bear (Lair:5)
  4 trolls
  A hornet (Lair:5)
  6 dream sheep (Lair:1)
  17 blink frogs
  Sigmund (D:5)
  6 wraiths
  26 yaks
  Eustachio (D:5)
  2 basilisks
  3 vampire mosquitoes (D:11)
  2 acid dragons
  8 water moccasins
  6 orc warriors
  2 black bears
  An ogre (D:6)
  6 centaurs
  14 wolves
  A phantom (D:3)
  2 kobold brigands
  Blork the orc (D:5)
  10 bullfrogs
  7 scorpions
  A gnoll sergeant (D:8)
  4 howler monkeys
  2 electric eels (D:11)
  7 orc priests
  2 bombardier beetles
  A jelly (D:5)
  4 hounds
  4 gnoll boudas
  5 hell rats (Lair:4)
  2 iguanas
  A sleepcap (D:5)
  8 orc wizards
  28 gnolls
  6 adders
  4 ufetubi
  5 ribbon worms
  3 dart slugs (D:1)
  38 orcs
  10 endoplasms
  4 giant cockroaches
  9 goblins
  11 hobgoblins
  7 jackals
  2 quokkas
  10 ball pythons
  2 bats (D:2)
  23 kobolds
  6 rats
370 creatures vanquished.

Notes
Turn   | Place    | Note
-------+----------+-------------------------------------------
     0 | D:1      | AlterAsc the Octopode Shapeshifter began the quest for the
                  | Orb.
     0 | D:1      | Reached XP level 1. HP: 13/13 MP: 1/1
   285 | D:1      | Reached XP level 2. HP: 16/18 MP: 2/2
   396 | D:1      | Found a faded altar of an unknown god.
   843 | D:1      | Reached XP level 3. HP: 19/23 MP: 3/3
  1691 | D:2      | Found a runed translucent door.
  1692 | D:2      | Noticed Crazy Yiuf
  1829 | D:3      | Reached XP level 4. HP: 22/28 MP: 4/4
  2105 | D:3      | Found Nule's Antique Weapon Emporium.
  2227 | D:3      | Reached skill level 5 in Unarmed Combat
  2440 | D:3      | Noticed a phantom
  2809 | D:3      | Reached XP level 5. HP: 18/33 MP: 5/5
  2859 | D:3      | Killed a phantom
  2990 | D:4      | Noticed a centaur
  3044 | D:4      | Killed a centaur
  3045 | D:4      | Reached XP level 6. HP: 35/38 MP: 6/6
  3213 | D:4      | Noticed a small abomination
  3405 | D:4      | Found a transporter.
  3407 | D:4      | Noticed a small abomination
  3409 | D:4      | Noticed a toenail golem
  3485 | D:4      | Found Jorox's Jewellery Shoppe.
  3624 | D:4      | Found a transporter.
  3694 | D:4      | Reached XP level 7. HP: 38/43 MP: 7/7
  3989 | D:5      | Entered Level 5 of the Dungeon
  4082 | D:5      | Noticed Eustachio
  4383 | D:4      | Found a one-way gate to the infinite horrors of the Abyss.
  4383 | D:4      | Noticed ciphuk's ghost (amateur FeSh)
  4592 | D:5      | Noticed Sigmund
  4754 | D:6      | Found a glowing silver altar of Zin.
  4907 | D:6      | Found a staircase to the Ecumenical Temple.
  4916 | Temple   | Entered the Ecumenical Temple
  4951 | Temple   | Became a worshipper of Warmaster Okawaru
  5012 | D:6      | Reached XP level 8. HP: 46/48 MP: 8/8
  5145 | D:6      | Found a transporter.
  5147 | D:6      | Found a transporter.
  5148 | D:6      | Noticed iamserjio's ghost (amateur VSFi)
  5314 | D:5      | Killed Sigmund
  5744 | D:5      | Noticed Blork the orc
  5768 | D:5      | Killed Blork the orc
  5768 | D:5      | Reached * piety under Okawaru
  5884 | D:5      | Killed Eustachio
  5885 | D:5      | Reached skill level 5 in Shapeshifting
  5972 | D:5      | Reached XP level 9. HP: 48/56 MP: 9/9
  6535 | D:7      | Noticed Jeremiah
  6642 | D:7      | Found Xyivoub's Magic Scroll Shoppe.
  6855 | D:8      | Reached skill level 5 in Dodging
  6962 | D:8      | Reached ** piety under Okawaru
  8647 | D:8      | Reached XP level 10. HP: 52/63 MP: 10/10
  8749 | D:9      | Found a flagged portal.
  8851 | Bailey   | Entered a bailey
  8899 | Bailey   | Noticed an orc warlord
  9001 | Bailey   | Found a runed translucent gate.
  9001 | Bailey   | Found a runed translucent gate.
  9073 | Bailey   | Found a runed translucent gate.
  9255 | D:9      | Reached *** piety under Okawaru
  9256 | D:9      | Reached skill level 10 in Shapeshifting
  9587 | D:9      | Reached skill level 1 in Invocations
  9897 | D:9      | Found Exiorph's General Store.
 10031 | D:9      | Found a staircase to the Orcish Mines.
 10226 | D:10     | Entered Level 10 of the Dungeon
 10436 | D:10     | Noticed Josephine
 11142 | D:10     | Got the Essays on Torrid Beguiling
 11555 | D:11     | Killed an unseen horror
 11555 | D:11     | Reached **** piety under Okawaru
 11771 | D:11     | Reached XP level 11. HP: 67/67 MP: 13/13
 12082 | D:11     | Found a staircase to the Lair.
 12097 | D:11     | HP: 2/82 [electric eel/bolt of electricity (13)]
 12099 | Lair:1   | Entered Level 1 of the Lair of Beasts
 12929 | D:10     | Reached skill level 5 in Fighting
 13006 | D:10     | Found a runed translucent gate.
 13007 | D:10     | Found a runed translucent gate.
 13008 | D:10     | Found a runed translucent gate.
 13010 | D:10     | Noticed a purple ugly thing
 13010 | D:10     | Noticed a cyan ugly thing
 13010 | D:10     | Noticed a red ugly thing
 13010 | D:10     | Noticed a glowing orange brain
 13010 | D:10     | Noticed a cyan ugly thing
 13010 | D:10     | Noticed a brown ugly thing
 13173 | D:10     | Killed Josephine
 13427 | D:10     | Noticed a death drake
 13428 | D:10     | a death drake changed into a boulder beetle
 13428 | D:10     | Noticed a boulder beetle (glowing shapeshifter)
 13899 | D:10     | Noticed a steelbarb worm
 13901 | D:10     | a steelbarb worm changed into a two-headed ogre
 13901 | D:10     | Noticed a two-headed ogre (glowing shapeshifter)
 14206 | D:10     | Noticed a sea snake
 14208 | D:10     | a sea snake changed into a merfolk
 14231 | D:10     | Noticed a two-headed ogre
 14387 | D:4      | Bought a ring of resist corrosion for 240 gold pieces
 14387 | D:4      | Bought a +6 ring of dexterity for 432 gold pieces
 14673 | Lair:1   | Noticed Maggie
 14783 | Lair:1   | Killed Maggie
 14783 | Lair:1   | Reached ***** piety under Okawaru
 15004 | Lair:1   | Noticed Erica
 15011 | Lair:1   | Killed Erica
 15397 | Lair:1   | Reached XP level 12. HP: 84/84 MP: 14/14
 15397 | Lair:1   | Received a gift from Okawaru
 16013 | Lair:2   | Noticed an eight-headed hydra
 16027 | Lair:2   | Killed an eight-headed hydra
 16193 | Lair:2   | Found a staircase to the Swamp.
 16369 | Lair:2   | Found a hole to the Spider Nest.
 16720 | Lair:2   | Reached skill level 10 in Unarmed Combat
 17052 | Lair:3   | Received a gift from Okawaru
 17065 | Lair:3   | Reached ****** piety under Okawaru
 17128 | Lair:2   | Acquired the +3 warlock's mirror {omnireflect}
 17128 | Lair:2   | Received a gift from Okawaru
 17128 | Lair:2   | Found the +3 warlock's mirror {omnireflect}
 17131 | Lair:2   | Acquired a +0 executioner's axe of flaming
 17131 | Lair:2   | Received a gift from Okawaru
 17277 | Lair:2   | Reached skill level 10 in Dodging
 17339 | Lair:3   | Noticed a five-headed hydra
 17344 | Lair:3   | Noticed an eight-headed hydra
 17363 | Lair:3   | Killed a five-headed hydra
 17414 | Lair:3   | Killed an eight-headed hydra
 17414 | Lair:3   | Received a gift from Okawaru
 17450 | Lair:3   | Identified the +9 quick blade of Qemm {spect, rC+ Int-3
                  | SInv}
 17480 | Lair:3   | Noticed a six-headed hydra
 17493 | Lair:3   | Killed a six-headed hydra
 17494 | Lair:3   | Reached XP level 13. HP: 80/92 MP: 13/15
 18201 | Lair:4   | Reached skill level 10 in Fighting
 18473 | Lair:4   | Received a gift from Okawaru
 19019 | Lair:5   | Entered Level 5 of the Lair of Beasts
 19628 | Orc:1    | Entered Level 1 of the Orcish Mines
 19658 | Orc:1    | Slain by a sixfirhy

Illustrated notes

Levels and vault maps discovered:
D:1:      minmay_arrival_shoal_huts, layout_loops_ring,
          shapermc_ecumenical_altar_ellora
D:2:      layout_loops_ring, minmay_pentomino_r4, uniq_crazy_yiuf_cottage
D:3:      layout_basic, serial_shops, shop_coins, chequers_serial_rivers_small_3
D:4:      layout_cave_pods, serial_shops, shop, gammafunk_ghost_abyssal_escape
D:5:      layout_cave_pools, nicolae_the_louvre, uniq_sigmund,
          uniq_blork_the_orc, uniq_eustachio
D:6:      layout_rooms, lemuel_coloured_pillars_altar, temple_fountains,
          gammafunk_ghost_hive, hangedman_decor_lopped
D:7:      layout_rooms, serial_shops, nicolae_shop_real_fake_doors,
          uniq_jeremiah
D:8:      layout_cave_pods
D:9:      kennysheep_spiral_hall, layout_basic, enter_bailey_4, serial_shops,
          shop
D:10:     layout_stronghold, ploomutoo_gammafunk_ghost_potion_laboratory,
          hangedman_abyss_or_decor_slice, uniq_josephine
D:11:     minmay_general_purpose_star, layout_basic, erik_lair_island,
          kennysheep_doodads
Temple:   kilobyte_greek_temple
Lair:1:   layout_loops_ring, st_stairs_9, uniq_maggie, uniq_erica
Lair:2:   layout_cave_pods, swamp_mist_pool, nicolae_spider_entry_non_spiders
Lair:3:   layout_hall_layers, minmay_lindwurm_lava, infiniplex_staircase_pool_2
Lair:4:   layout_cave_pods, grunt_forest_large_clearings
Lair:5:   minmay_lair_end_enchanted_forest, layout_regular_city, slime_entry_2,
          grunt_megastairs_1, infiniplex_staircase_pool
Orc:1:    layout_caves, serial_shops, nicolae_shop_industrial_runoff,
          minmay_orc_temple_a, uniq_jorgrun

Skill      XL: |  1  2  3  4  5  6  7  8  9 10 11 12 13 |
---------------+----------------------------------------+-----
Unarmed Combat | 4 5 6 7 9 11 12 | 12.2
Fighting       | 3 8 9 10 | 10.2
Dodging        | 3 5 7 9 10 | 10.8
Shapeshifting  | 5 9 10 11 12 | 12.1
Invocations    | 3 |  3.0

Action                     |  1- 3 |  4- 6 |  7- 9 | 10-12 | 13-15 || total
---------------------------+-------+-------+-------+-------+-------++-------
  Melee: Unarmed           |    71 |    73 |   244 |   540 |   183 ||  1111
         Constrict         |    20 |    20 |    68 |    98 |    32 ||   238
         Tentacles         |    10 |    19 |    73 |    20 |       ||   122
         Punch             |     6 |     5 |    19 |     2 |       ||    32
 Invoke: Heroism           |       |       |     2 |     8 |     3 ||    13
         Receive Weapon    |       |       |       |     1 |       ||     1
         Receive Armour    |       |       |       |     1 |       ||     1
    Use: Scroll            |       |     1 |     6 |    11 |     6 ||    24
         Potion            |       |       |     2 |     1 |       ||     3
   Stab: Sleeping          |     7 |     5 |     5 |     7 |       ||    24
         Distracted        |       |       |     1 |       |       ||     1
 Armour: Skin              |    38 |    30 |   113 |   314 |   126 ||   621
  Dodge: Dodged            |    34 |    47 |   156 |   474 |   252 ||   963
   Form: Serpent           |       |       |       |     3 |       ||     3
         Blade             |       |       |       |     2 |       ||     2
                           |       |       |       |     1 |       ||     1
